 Dungeon Crawl Stone Soup version 0.28-a0-1504-g839a4452db (webtiles) character file.

Game seed: 14154086001944993603

58 MacCMillion the Skirmisher (level 3, -1/29 HPs)
             Began as a Demonspawn Fighter on Jan 13, 2022.
             Slain by a gnoll (6 damage)
             ... on level 2 of the Dungeon.
             The game lasted 00:02:51 (1636 turns).

MacCMillion the Skirmisher (Demonspawn Fighter)     Turns: 1636, Time: 00:02:52

Health: -1/29      AC:  8    Str: 18    XL:     3   Next: 76%
Magic:  3/3        EV:  9    Int:  9    God:
Gold:   54         SH:  4    Dex: 12    Spells: 2/2 levels left

rFire   . . .      SeeInvis .   a - +0 long sword
rCold   . . .      Faith    .   c - +0 buckler
rNeg    . . .      Spirit   .   b - +0 scale mail
rPois   .          Reflect  .   (no helmet)
rElec   .          Harm     .   (no cloak)
rCorr   .          Rampage  .   (no gloves)
Will    .....                   (no boots)
Stlth   ..........              (no amulet)
HPRegen 0.09/turn               (no ring)
MPRegen 0.08/turn               (no ring)

@: no status effects
A: thin metallic scales 1
a: no special abilities


You were on level 2 of the Dungeon.
You visited 1 branch of the dungeon, and saw 2 of its levels.

You collected 54 gold pieces.

Inventory:

Hand Weapons
 a - a +0 long sword (weapon)
 g - a +2 dagger of speed
Missiles
 f - 6 poisoned darts (quivered)
Armour
 b - a +0 scale mail (worn)
 c - a +0 buckler (worn)
Scrolls
 h - 2 scrolls of noise {unknown}
 i - a scroll of teleportation {unknown}
 j - a scroll of enchant weapon {unknown}
Potions
 d - a potion of might
 e - a potion of heal wounds {unknown}


   Skills:
 + Level 3.4 Fighting
 + Level 2.4 Long Blades
 + Level 3.1 Armour
 + Level 3.1 Shields


You had 2 spell levels left.
You didn't know any spells.
Your spell library was empty.

Dungeon Overview and Level Annotations

Branches:
Dungeon (2/15)

Altars:


Innate Abilities, Weirdness & Mutations

You are partially covered in thin metallic scales. (AC +2)


Message History

HP restored.
A gnoll comes into view. It is wielding a +0 club.
The gnoll shouts!
You hear a shout!
A gnoll comes into view. It is wielding a +0 club.
The gnoll shouts!
There are monsters nearby!
There are monsters nearby!
Found a stone staircase leading down.
You hear a shout!
A gnoll comes into view. It is wielding a +0 spear.
You hit the gnoll.
The gnoll is moderately wounded.
The gnoll hits you with a +0 club. The gnoll hits you but does no damage.
The gnoll barely misses you.
You hit the gnoll but do no damage.
The gnoll is moderately wounded.
The gnoll hits you but does no damage. The gnoll barely misses you.
The gnoll closely misses you. The gnoll hits you but does no damage.
You hit the gnoll but do no damage.
The gnoll is moderately wounded.
You block the gnoll's attack. The gnoll hits you but does no damage.
The gnoll hits you with a +0 spear.
You closely miss the gnoll. The gnoll closely misses you.
The gnoll barely misses you. You block the gnoll's attack. x2
The gnoll hits you with a +0 club.
You closely miss the gnoll. You block the gnoll's attack. x2
The gnoll hits you with a +0 club.
You completely miss the gnoll. You block the gnoll's attack.
The gnoll hits you with a +0 club. The gnoll closely misses you.
You closely miss the gnoll. The gnoll hits you but does no damage.
The gnoll barely misses you. The gnoll closely misses you.
The gnoll hits you with a +0 spear. The gnoll hits you but does no damage.
The gnoll hits you with a +0 club.
You barely miss the gnoll. You block the gnoll's attack.
The gnoll hits you with a +0 club. x2
* * * LOW HITPOINT WARNING * * *
You block the gnoll's attack. x2
The gnoll hits you with a +0 club.
You die...

#.# #.# #.# #.#
######.# ?..##.#
###########.##.######
#.............g.....#
#.###........@.gg##.#
#.# #.##.##.#.##.#
#.# #.##.##.#<##.#
#.# #.......#.##.#
#.# #.##.##.#.##>#
#.###.##.##)#....#
#...#.......#..###
###.#.##.####..#
###[#.##.......#


You could see 3 gnolls.

Vanquished Creatures
  An adder (D:2)
  A worm (D:2)
  4 dart slugs
  2 ball pythons (D:1)
  3 bats (D:1)
  An endoplasm (D:1)
  A giant cockroach (D:1)
  3 goblins
  7 hobgoblins (D:1)
  3 jackals (D:1)
  A quokka (D:1)
  5 kobolds (D:1)
  4 rats
36 creatures vanquished.

Vanquished Creatures (others)
  A fungus (D:1)
  2 plants (D:1)
3 creatures vanquished.

Grand Total: 39 creatures vanquished

Notes
Turn   | Place    | Note
-------+----------+-------------------------------------------
     0 | D:1      | MacCMillion the Demonspawn Fighter began the quest for the
                  | Orb.
     0 | D:1      | Reached XP level 1. HP: 18/18 MP: 1/1
   329 | D:1      | Gained mutation: You are partially covered in thin metallic
                  | scales. (AC +2) [demonic ancestry]
   329 | D:1      | Reached XP level 2. HP: 17/24 MP: 2/2
   415 | D:1      | Found a faded altar of an unknown god.
   904 | D:1      | Reached XP level 3. HP: 29/29 MP: 3/3
  1636 | D:2      | Slain by a gnoll

Illustrated notes

Levels and vault maps discovered:
D:1:      dpeg_arrival_arbitrary_c, layout_loops_ring,
          shapermc_ecumenical_altar_acropolis, hangedman_decor_clover_reticule,
          st_stairs_4
D:2:      layout_loops_ring, basic_altar, uniq_natasha

Skill      XL: |  1  2 |
---------------+-------+-----
Long Blades    | 2 |  2.4
Armour         | 3 |  3.1
Shields        | 3 |  3.1
Fighting       | |  3.4

Action                   || total
-------------------------++-------
Melee: Long sword        ||   160
Armor: Scale mail        ||   101
Dodge: Dodged            ||    51
Block: Buckler           ||    33

Table legend: (Time is in decaauts)
 A = Elapsed time spent in this place.
 B = Non-inter-level travel time spent in this place.
 C = Inter-level travel time spent in this place.
 D = Time resting spent in this place.
 E = Time spent auto-exploring this place.
 F = Levels seen in this place.
 G = Mean time per level.
                   A        B        C        D        E       F      G
               +--------+--------+--------+--------+--------+-----+--------+
         Total |   1691 |   1677 |     14 |    245 |   1047 |   2 |  845.5 |
       Dungeon |   1691 |   1677 |     14 |    245 |   1047 |   2 |  845.5 |
               +--------+--------+--------+--------+--------+-----+--------+

Top non-repeatable levels by time:
     D:1: 1430 daAuts
     D:2: 260 daAuts
